 Dungeon Crawl Stone Soup version 0.16-a0-3308-g116f5c4 (webtiles) character file.

2646 PolkaDot the Summoner (level 9, -8/72 HPs)
             Began as a Vampire Summoner on Dec 26, 2014.
             Was a Follower of Sif Muna.
             Mangled by an orc warrior
             ... wielding a +0 long sword of holy wrath
              (24 damage)
             ... on level 8 of the Dungeon.
             The game lasted 00:27:47 (8205 turns).

PolkaDot the Summoner (Vampire Summoner)            Turns: 8205, Time: 00:27:47

Health: -8/72      AC: 14    Str:  9    XL:     9   Next: 36%
Magic:  15/18      EV: 13    Int: 19    God:    Sif Muna [*.....]
Gold:   316        SH:  0    Dex: 17    Spells: 4 memorised, 2 levels left

rFire  + . .     SeeInvis +     j - +4 falchion (protect)
rCold  . . .     Clarity  .     t - +2 robe {rF+}
rNeg   . . .     SustAb   .     (no shield)
rPois  .         Gourm    .     D - +1 helmet "Khi Mial" {Int-1 Dex+3}
rElec  .         Spirit   .     u - +0 cloak
rCorr  .         Warding  .     m - +1 pair of gloves
rMut   .         Stasis   .     (no boots)
MR     .....                    y - amulet of faith
Stlth  +++.......               H - +2 ring of strength
                                g - ring of flight

@: regenerating very quickly, not resistant to hostile enchantments, fairly
stealthy
A: bottle blood, fangs 3, see invisible, unbreathing
a: Channel Energy, Renounce Religion, Evoke Flight


You were on level 8 of the Dungeon.
You worshipped Sif Muna.
Sif Muna was aware of your devotion.
You were almost alive.

You visited 2 branches of the dungeon, and saw 9 of its levels.

You collected 446 gold pieces.
You spent 130 gold pieces at shops.

Inventory:

Hand weapons
 j - a +4 falchion of protection (weapon)
Missiles
 I - a throwing net (quivered)
Armour
 m - a +1 pair of gloves (worn)
 t - a +2 robe of fire resistance (worn)
 u - a +0 cloak (worn)
 D - the +1 helmet "Khi Mial" (worn) {Int-1 Dex+3}
   (You found it on level 5 of the Dungeon)

   It affects your intelligence (-1).
   It affects your dexterity (+3).
Rods
 l - a +0 lightning rod (13/13)
   (You found it on level 6 of the Dungeon)
Jewellery
 a - an uncursed amulet of regeneration
 g - a ring of flight (left hand)
 y - an amulet of faith (around neck)
 H - a +2 ring of strength (right hand)
Magical devices
 C - a wand of disintegration (15)
 G - a wand of cold (10)
 J - a wand of digging (14)
Scrolls
 f - a scroll of noise {unknown}
 i - a scroll of blinking
 k - a scroll of enchant armour
 n - 3 scrolls of remove curse
 o - a scroll of fog {unknown}
 q - 4 scrolls of fear
 r - 2 scrolls of enchant weapon
 A - a scroll of magic mapping {unknown}
 E - 2 scrolls of identify
 F - 6 scrolls of random uselessness {unknown}
 K - a scroll of summoning {unknown}
 L - a scroll of amnesia {unknown}
Potions
 c - 2 potions of curing
 d - 15 potions of blood {@*1}
 e - 4 potions of might
 h - a potion of poison {unknown}
 p - a potion of resistance
 s - 2 potions of flight
 v - a potion of agility
 w - a potion of magic
 z - a potion of restore abilities
 B - 3 potions of heal wounds
Books
 b - a book of Callings

   Spells                             Type                      Level
   a - Summon Small Mammal            Summoning                    1
   b - Call Imp                       Summoning                    2
   c - Call Canine Familiar           Summoning                    3
   d - Summon Guardian Golem          Hexes/Summoning              4
   e - Summon Lightning Spire         Summoning/Air                4
   f - Summon Ice Beast               Ice/Summoning                4
 x - a book of Minor Magic

   Spells                             Type                      Level
   a - Magic Dart                     Conjuration                  1
   b - Blink                          Translocation                2
   c - Call Imp                       Summoning                    2
   d - Repel Missiles                 Charms/Air                   2
   e - Slow                           Hexes                        2
   f - Conjure Flame                  Conjuration/Fire             3
   g - Mephitic Cloud                 Conjuration/Poison/Air       3


   Skills:
 + Level 7.6 Fighting
 - Level 2.1 Dodging
 - Level 3.0 Stealth
 - Level 2.0 Spellcasting
 * Level 8.4 Summonings
 + Level 6.0 Evocations


You had 2 spell levels left.
You knew the following spells:

 Your Spells              Type           Power        Failure   Level  Hunger
d - Call Canine Familiar  Summ           ####....     1%          3    ###....
i - Summon Ice Beast      Ice/Summ       ###.....     34%         4    #####..
s - Call Imp              Summ           ####....     1%          2    ###....
z - Summon Small Mammal   Summ           ####         1%          1    #......


Dungeon Overview and Level Annotations

Branches:
Dungeon (8/15)             Temple (1/1) D:6
   Lair: D:8-11

Altars:
Ashenzari
Cheibriados
Dithmenos
Elyvilon
Fedhas
Gozag
Kikubaaqudgha
Makhleb
Nemelex Xobeh
Okawaru
Qazlal
Ru
Sif Muna
Trog
Vehumet
Xom
Yredelemnul
Zin
The Shining One

Shops:
D:4 !%   D:5 *


Innate Abilities, Weirdness & Mutations

Your natural rate of healing is extremely fast.
You can bottle blood from corpses.
You have razor-sharp teeth.
You have supernaturally acute eyesight.
You can survive without breathing.


Message History

Your crimson imp blinks!
Your hound closely misses the orc warrior.
Your hound bites the orc warrior but does no damage.
Your hound bites the orc warrior.
The orc warrior is no longer unusually agile.
There isn't anything here!
Unknown command.
Press: ? - help, v - describe, . - travel
Here: an orc warrior, wielding a long sword of holy wrath and wearing a plate armour (lightly wounded)
The floor.
Unknown command.
Your hound bites the orc warrior but does no damage.
Your hound closely misses the orc warrior.
Your hound closely misses the orc warrior.
Drink which item? (? for menu, Esc to quit)
Yummy - fresh blood!
The orc warrior hits you with a long sword of holy wrath!!
* * * LOW HITPOINT WARNING * * *
You convulse!!
You die...

###
#############.#
#.............#
##@##########.#
#o# #.# #h# #.#
#.# #.# #.# #.#
#.# #.# #.#
##.### #.#
##....# #.#
#...#.#


You could see an orc warrior and a friendly hound.

Vanquished Creatures
  Edmund (D:4)
  A phantom (D:8)
  2 ice beasts
  2 sky beasts
  3 centaurs
  5 ogres
  An orc warrior (D:8)
  A gnoll sergeant (D:5)
  3 giant frogs
  A scorpion (D:4)
  2 electric eels (D:8)
  A goliath beetle (D:7)
  An orc priest (D:5)
  3 crimson imps
  A centaur skeleton (D:7)
  A giant frog zombie (D:8)
  An iguana (D:5)
  2 giant frog skeletons
  2 worker ants (D:4)
  2 orc wizards
  2 killer bee zombies
  A worker ant zombie (D:7)
  Robin (D:3)
  2 shadow imps (D:8)
  3 giant mites
  5 adders
  4 worms
  3 adder skeletons
  An ooze (D:2)
  5 giant geckos
  20 orcs
  2 ball pythons
  9 bats
  6 giant cockroaches
  13 hobgoblins
  5 jackals
  5 giant newts
  18 goblins
  8 kobolds
  4 quokkas
  12 rats
165 creatures vanquished.

Vanquished Creatures (collateral kills)
  An ogre (D:5)
  The ghost of Herrn the Skirmisher, an average GrFi (D:3)
  Sigmund (D:3)
  A giant frog (D:8)
  2 scorpions
  A centaur skeleton (D:5)
  An orc wizard (D:5)
  An iguana (D:5)
  3 adders
  3 worms (D:2)
  An adder skeleton (D:5)
  3 giant geckos
  2 oozes
  4 orcs
  A ball python (D:4)
  2 bats
  3 hobgoblins
  A kobold (D:1)
  A rat (D:5)
33 creatures vanquished.

Vanquished Creatures (others)
  5 crimson imps
  A hound (D:3)
  A shadow imp (D:3)
  2 white imps
  A rat (D:1)
10 creatures vanquished.

Grand Total: 208 creatures vanquished

Notes
Turn   | Place    | Note
--------------------------------------------------------------
     0 | D:1      | PolkaDot, the Vampire Summoner, began the quest for the Orb.
     0 | D:1      | Reached XP level 1. HP: 13/13 MP: 3/3
   353 | D:1      | Reached skill level 1 in Fighting
   683 | D:1      | Reached XP level 2. HP: 21/21 MP: 4/4
  1120 | D:1      | Learned a level 2 spell: Call Imp
  1435 | D:2      | Reached skill level 1 in Evocations
  1442 | D:2      | Reached XP level 3. HP: 18/27 MP: 0/6
  1666 | D:2      | Learned a level 3 spell: Call Canine Familiar
  2283 | D:2      | Reached XP level 4. HP: 24/34 MP: 7/7
  2884 | D:3      | Noticed Robin
  2926 | D:3      | Killed Robin
  3096 | D:3      | Noticed Sigmund
  3146 | D:3      | Reached XP level 5. HP: 12/41 MP: 1/9
  3363 | D:3      | Killed Sigmund
  3478 | D:3      | Found a snail-covered altar of Cheibriados.
  3555 | D:3      | Noticed an ogre
  3562 | D:3      | Killed an ogre
  3562 | D:3      | Reached XP level 6. HP: 34/48 MP: 3/10
  3631 | D:3      | Noticed Herrn's ghost (average GrFi)
  3657 | D:3      | Killed Herrn's ghost
  4039 | D:4      | Found Xuxzoso's Food Shop.
  4046 | D:4      | Found Frusaupp's Distillery.
  4103 | D:4      | Reached skill level 5 in Summonings
  4347 | D:4      | Found a shimmering altar of Xom.
  4470 | D:4      | Noticed Edmund
  4516 | D:4      | Killed Edmund
  4516 | D:4      | Reached XP level 7. HP: 22/55 MP: 1/12
  4851 | D:4      | Learned a level 4 spell: Summon Ice Beast
  4889 | D:5      | Entered Level 5 of the Dungeon
  4891 | D:5      | Found Iteuqec's Assorted Antiques.
  4905 | D:5      | Bought a blackened filigree amulet for 130 gold pieces
  4920 | D:5      | Reached skill level 5 in Fighting
  5055 | D:5      | Found a basalt altar of Yredelemnul.
  5056 | D:5      | Noticed a profane servitor
  5071 | D:5      | Found a glowing golden altar of the Shining One.
  5072 | D:5      | Noticed an angel
  5486 | D:5      | Reached skill level 6 in Fighting
  5486 | D:5      | Reached XP level 8. HP: 45/64 MP: 5/13
  5600 | D:5      | Got a shimmering helmet
  5611 | D:5      | Identified the +1 helmet "Khi Mial" {Int-1 Dex+3} (You found it on level 5 of the Dungeon)
  6306 | D:6      | Found a staircase to the Ecumenical Temple.
  6316 | Temple   | Entered the Ecumenical Temple
  6390 | Temple   | Became a worshipper of Sif Muna the Loreminder
  6454 | D:7      | Found a blossoming altar of Fedhas.
  6754 | D:7      | Found a shattered altar of Ashenzari.
  6856 | D:7      | Reached skill level 5 in Evocations
  6874 | D:7      | Found a sacrificial altar of Ru.
  6928 | D:7      | Reached skill level 7 in Fighting
  7456 | D:8      | Reached XP level 9. HP: 38/72 MP: 7/17
  7743 | D:8      | Acquired Sif Muna's first power
  7782 | D:8      | Reached skill level 8 in Summonings
  8205 | D:8      | Mangled by an orc warrior

Action                   |  1- 3 |  4- 6 |  7- 9 || total
-------------------------+-------+-------+-------++-------
Melee: Unarmed           |    22 |       |       ||    22
       Short sword       |   136 |   115 |       ||   251
       Falchion          |       |   123 |   384 ||   507
       Scythe            |       |     7 |       ||     7
 Cast: Summon Small Mamm |    15 |       |       ||    15
       Call Imp          |    11 |    27 |    17 ||    55
       Call Canine Famil |     1 |     6 |     7 ||    14
  Use: Potion            |     2 |    23 |    29 ||    54
       Scroll            |       |       |     8 ||     8
 Stab: Distracted        |     1 |       |     4 ||     5
       Sleeping          |     5 |     2 |     9 ||    16
  Eat: Corpse            |    12 |     6 |       ||    18
